 Dungeon Crawl Stone Soup version 0.31.0-32-g396128a36d (webtiles) character file.

Game seed: 15803416210920959277

17060 monsoonserge the Grappler (level 12, -10/73 HPs)
             Began as a Gnoll Shapeshifter on Mar 9, 2024.
             Was an Elder of Cheibriados.
             Mangled by a large abomination (29 damage)
             ... on level 2 of the Abyss.
             The game lasted 00:51:01 (11839 turns).

monsoonserge the Grappler (Gnoll Shapeshifter)     Turns: 11839, Time: 00:51:02

Health: -10/73     AC:  7    Str: 28    XL:     12   Next: 44%
Magic:  25/33      EV: 28    Int: 25    God:    Cheibriados [****..]
Gold:   533        SH:  0    Dex: 23    Spells: 18/26 levels left

rFire   + . .        G - melded +5 morningstar (freeze)
rCold   x x .        k - melded +0 buckler
rNeg    . . .        g - melded +2 leather armour {rPois}
rPois   .            Q - +3 hat of Pondering {ponderous, Will+ MP+10 Int+5}
rElec   .            (no cloak)
rCorr   .            y - +2 pair of gloves {Str+3}
SInv    .            q - +0 pair of boots
Will    +....        (no amulet)
Stlth   ++           C - +5 ring of evasion
HPRegen 0.32/turn    N - ring of protection from fire
MPRegen 0.23/turn

%: random rage (9%)
@: flux-form, freezing walls, glowing, very slow
A: glow, contaminating, fangs 1, strong nose, distributed training, [berserk 2],
[deformed body], [deterioration 2], [frail 2], [weak 1], [cold vulnerability 2],
[persistent drain]
a: Begin Untransformation, Renounce Religion, Bend Time, Temporal Distortion,
Slouch


You were on level 2 of the Abyss.
You worshipped Cheibriados.
Cheibriados was greatly pleased with you.
You were something dangerously unstable.
You visited 3 branches of the dungeon, and saw 12 of its levels.
You visited the Abyss 1 time.

You collected 680 gold pieces.
You spent 147 gold pieces at shops.

Inventory:

Hand Weapons
 G - a +5 morningstar of freezing (melded)
Missiles
 l - 3 boomerangs
 o - 51 poisoned darts (quivered)
 K - 3 throwing nets
 R - 3 darts of dispersal
 T - 7 javelins
Armour
 g - a +2 leather armour of poison resistance (melded)
 k - a +0 buckler (melded)
 n - a +2 tower shield
 q - a +0 pair of boots (worn)
 y - a +2 pair of gloves of strength (worn)
 z - the +1 robe "Qepuoppu" {Harm rCorr MP-9 Int+5 Stlth+}
   (You found it on level 4 of the Dungeon)

   Int+5:     It affects your intelligence (+5).
   MP-9:      It affects your magic capacity (-9).
   rCorr:     It protects you from acid and corrosion.
   Harm:      It increases damage dealt and taken.
   Stlth+:    It makes you more stealthy.
 D - a +2 robe of resistance
 Q - the +3 hat of Pondering (worn) {ponderous, Will+ MP+10 Int+5}
   (You took it off Gastronok on level 1 of the Lair of Beasts)

   Int+5:     It affects your intelligence (+5).
   Will+:     It increases your willpower.
   MP+10:     It affects your magic capacity (+10).
Jewellery
 p - a ring of flight
 C - a +5 ring of evasion (left hand)
 N - a ring of protection from fire (right hand)
Talismans
 c - a beast talisman
 d - a flux talisman (active)
Wands
 a - a wand of mindburst (8)
 w - a wand of digging (11)
 J - a wand of charming (11)
 L - a wand of roots (17)
Scrolls
 e - 3 scrolls of revelation
 f - a scroll of vulnerability
 h - 4 scrolls of enchant armour
 r - 2 scrolls of teleportation
 v - 2 scrolls of amnesia
 A - a scroll of butterflies
 B - 2 scrolls of poison
 E - a scroll of immolation
 I - a scroll of enchant weapon
 O - a scroll of fog
 P - a scroll of torment {unknown}
Potions
 b - a potion of lignification
 i - 4 potions of haste {unknown}
 j - 4 potions of resistance {unknown}
 m - 2 potions of invisibility {unknown}
 s - 5 potions of curing
 t - 3 potions of heal wounds
 u - a potion of might {unknown}
 x - 2 potions of enlightenment {unknown}
 F - a potion of mutation {unknown}
 H - a potion of magic {unknown}
 M - a potion of brilliance {unknown}
 S - a potion of cancellation {unknown}


   Skills:
 + Level 8.0 Fighting
 + Level 7.5 Short Blades
 + Level 7.5 Long Blades
 + Level 7.5 Axes
 + Level 7.5 Maces & Flails
 + Level 7.5 Polearms
 + Level 7.5 Staves
 + Level 7.5 Ranged Weapons
 + Level 7.5 Throwing
 + Level 7.5 Armour
 + Level 8.9 Dodging
 + Level 7.5 Stealth
 + Level 7.5 Shields
 + Level 10.1 Unarmed Combat
 + Level 7.5 Spellcasting
 + Level 6.3 Conjurations
 + Level 6.3 Hexes
 + Level 6.3 Summonings
 + Level 6.3 Necromancy
 + Level 6.3 Translocations
 + Level 6.3 Fire Magic
 + Level 6.3 Ice Magic
 + Level 6.3 Air Magic
 + Level 6.3 Earth Magic
 + Level 6.3 Alchemy
 + Level 8.3 Invocations
 + Level 7.5 Evocations
 + Level 9.6 Shapeshifting


You had 18 spell levels left.
You knew the following spells:

 Your Spells              Type           Power      Damage    Failure   Level
a - Fugue of the Fallen   Necr           40%        N/A       1%          3
b - Frozen Ramparts       Ice            80%        1d13      1%          3
c - Lesser Beckoning      Tloc           80%        N/A       1%          2

Your spell library contained the following spells:

 Spells                   Type           Power      Damage    Failure   Level
 Freeze                   Ice            100%       1d10      1%          1
 Shock                    Conj/Air       100%       1d9       1%          1
 Ensorcelled Hibernation  Hex/Ice        80%        N/A       1%          2
 Gell's Gravitas          Tloc           40%        N/A       1%          3
 Hailstorm                Conj/Ice       40%        3d9       1%          3
 Inner Flame              Hex/Fire       40%        N/A       1%          3
 Swiftness                Air            40%        N/A       1%          3
 Teleport Other           Tloc           40%        N/A       1%          3
 Volatile Blastmotes      Fire/Tloc      80%        2d16      1%          3
 Airstrike                Air            20%        2d(3-19)  4%          4
 Anguish                  Hex/Necr       20%        N/A       4%          4
 Flame Wave               Conj/Fire      40%        2d11      4%          4
 Fulminant Prism          Conj/Alch      20%        3d12      4%          4
 Iskenderun's Mystic Bla  Conj/Tloc      40%        2d9       4%          4
 Sticky Flame             Fire/Alch      40%        2d8       4%          4


Dungeon Overview and Level Annotations

Branches:
Dungeon (10/15)            Temple (1/1) D:5            Lair (1/5) D:8
    Orc: D:9-12

Altars:
Ashenzari
Cheibriados
Dithmenos
Elyvilon
Fedhas
Gozag
Hepliaklqana
Kikubaaqudgha
Makhleb
Nemelex Xobeh
Okawaru
Qazlal
Ru
Sif Muna
Trog
Uskayaw
Vehumet
Wu Jian
Xom
Yredelemnul
Zin
The Shining One

Shops:
D:3 *   D:7 *

Annotations:
D:4 1 runed translucent door, Crazy Yiuf
D:10 Sonja


Innate Abilities, Weirdness & Mutations

You are something dangerously unstable.
You glow with magical radiation, making you easy to see and hit.
Foes you strike become dangerously contaminated with magical radiation.
You are incapable of wielding weapons or throwing items.
You have very sharp teeth.
Your uncanny sense of smell can sniff out nearby items.
Your experience applies equally to all skills.
[You have an uncontrollable temper.]
[Armour fits poorly on your strangely shaped body.]
[Your body often deteriorates upon taking damage.]
[You are very frail. (-20% HP)]
[You are weak. (Str -2)]
[You are very vulnerable to cold. (rC--)]
[Your health recovers twice as slowly from being drained.]


Message History

The frozen ramparts melt away.
Casting: Lesser Beckoning (safe; 1% risk of failure)
Confirm with . or Enter, or press ? or * to list all spells.
Casting: Frozen Ramparts (safe; 1% risk of failure)
Press: ? - help, Dir - look around, f - activate The walls around you are covered in ice.
The wall freezes the wretched star but does no damage.
The wretched star glows turbulently.
The lance of force hits you!
You are knocked back by the lance of force.
You slam into the stone wall!
* * * LOW HITPOINT WARNING * * *
You completely miss the wretched star.
The wretched star is almost destroyed.
The wall freezes the large abomination.
The wretched star resists.
The wall freezes the wretched star.
You hit the wretched star but do no damage.
The wretched star glows dangerously bright.
You bite the wretched star, but do no damage.
The wretched star is almost destroyed.
The wall freezes the large abomination but does no damage.
The wretched star resists.
The wall freezes the wretched star.
The wretched star pulses with an eldritch light!
You feel a little pissed off.
You feel extremely angry at everything!
You begin to recover more slowly from draining effects.
The flow of time bends around you.
Cheibriados rebukes the large abomination.
The large abomination seems to slow down.
Cheibriados rebukes the wretched star.
The wretched star seems to slow down.
The wall freezes the large abomination.
The large abomination misses you.
You hit the wretched star.
You destroy the wretched star!
Cheibriados appreciates the change of pace.
Unknown command.
You closely miss the large abomination.
You bite the large abomination, but do no damage.
The large abomination is lightly damaged.
The wall freezes the large abomination.
The large abomination hits you!!
You die...

## #. #.#
.# # ..#
.. #.##
#..
##.###.
#.# #.#...
#..#
#..#.#...#
# #.Xp## #
#..#..#
#...###
##.. ....
#..#.
#...## ..#


You could see a large abomination (slow).

Vanquished Creatures
  Gastronok (Lair:1)
  Harold (D:9)
  Erica (D:8)
  A two-headed ogre (D:9)
  Urug (D:10)
  2 wretched stars (Abyss:2)
  Pikel (D:6)
  A black mamba (Lair:1)
  A cane toad (Lair:1)
  A large abomination (Abyss:2)
  An unseen horror (D:10)
  A rime drake (Lair:1)
  2 komodo dragons (Lair:1)
  2 polar bears
  5 blink frogs
  Grinder (D:5)
  3 raiju (Abyss:2)
  Eustachio (D:4)
  2 wyverns (D:8)
  2 basilisks
  A fire elemental (Abyss:2)
  3 yaks (D:9)
  Grum (Lair:1)
  3 vampire mosquitoes (D:6)
  A neqoxec (Abyss:2)
  Duvessa (D:5)
  6 water moccasins
  2 orc warriors
  4 black bears
  2 sky beasts
  A small abomination (Abyss:2)
  6 wolves
  4 ogres
  2 centaurs
  6 phantoms
  2 weeping skulls (Abyss:2)
  5 kobold brigands
  Blork the orc (D:5)
  6 bullfrogs
  A scorpion (D:7)
  Dowan (D:5)
  15 wights
  2 howler monkeys (D:9)
  A bombardier beetle (D:4)
  6 orc priests
  2 jellies
  A hound (D:4)
  7 starcursed masses (Abyss:2)
  2 sleepcaps (D:6)
  Jessica (D:2)
  3 iguanas
  10 orc wizards
  8 adders
  A shadow imp (D:7)
  3 white imps
  4 ufetubi (D:6)
  2 dart slugs
  32 orcs
  7 ball pythons
  2 bats
  8 endoplasms
  5 giant cockroaches
  8 goblins
  9 hobgoblins
  2 quokkas
  3 frilled lizards
  31 kobolds
  3 rats (D:1)
  A spectral hobgoblin (D:5)
269 creatures vanquished.

Notes
Turn   | Place    | Note
-------+----------+-------------------------------------------
     0 | D:1      | monsoonserge the Gnoll Shapeshifter began the quest for the
                  | Orb.
     0 | D:1      | Reached XP level 1. HP: 17/17 MP: 1/1
    95 | D:1      | Reached XP level 2. HP: 23/23 MP: 2/2
   113 | D:1      | Found a faded altar of an unknown god.
   113 | D:1      | Noticed a glass eye
   118 | D:1      | Noticed an eye of devastation
   118 | D:1      | Noticed a great orb of eyes
   118 | D:1      | Noticed an eye of devastation
   432 | D:1      | Reached XP level 3. HP: 28/28 MP: 3/3
   565 | D:2      | Reached skill level 1 in Invocations
   719 | D:2      | Noticed Jessica
   722 | D:2      | Killed Jessica
   723 | D:2      | Reached skill level 1 in Short Blades
   723 | D:2      | Reached skill level 1 in Long Blades
   723 | D:2      | Reached skill level 1 in Axes
   723 | D:2      | Reached skill level 1 in Maces & Flails
   723 | D:2      | Reached skill level 1 in Polearms
   723 | D:2      | Reached skill level 1 in Staves
   723 | D:2      | Reached skill level 1 in Ranged Weapons
   723 | D:2      | Reached skill level 1 in Throwing
   723 | D:2      | Reached skill level 1 in Armour
   723 | D:2      | Reached skill level 1 in Stealth
   723 | D:2      | Reached skill level 1 in Shields
   723 | D:2      | Reached skill level 1 in Spellcasting
   723 | D:2      | Reached skill level 1 in Evocations
   723 | D:2      | Reached XP level 4. HP: 20/34 MP: 5/5
   997 | D:2      | Reached skill level 1 in Conjurations
   997 | D:2      | Reached skill level 1 in Hexes
   997 | D:2      | Reached skill level 1 in Summonings
   997 | D:2      | Reached skill level 1 in Necromancy
   997 | D:2      | Reached skill level 1 in Translocations
   997 | D:2      | Reached skill level 1 in Fire Magic
   997 | D:2      | Reached skill level 1 in Ice Magic
   997 | D:2      | Reached skill level 1 in Air Magic
   997 | D:2      | Reached skill level 1 in Earth Magic
   997 | D:2      | Reached skill level 1 in Alchemy
  1290 | D:3      | Noticed a sky beast
  1296 | D:3      | Killed a sky beast
  1297 | D:3      | Reached XP level 5. HP: 26/41 MP: 5/7
  1595 | D:3      | Found Laciumac's Assorted Antiques.
  1601 | D:3      | Bought a bubbling yellow potion for 25 gold pieces
  1601 | D:3      | Bought a puce potion for 25 gold pieces
  1601 | D:3      | Bought a ruby potion for 25 gold pieces
  1601 | D:3      | Bought a scroll labelled RUAXTI DARRUSCH for 28 gold pieces
  1729 | D:3      | Found a white marble altar of Elyvilon.
  1757 | D:3      | Found an iron altar of Okawaru.
  2149 | D:4      | Noticed Eustachio
  2259 | D:4      | Reached XP level 6. HP: 31/47 MP: 8/8
  2517 | D:4      | Identified the +1 robe "Qepuoppu" {Harm rCorr MP-9 Int+5
                  | Stlth+}
  2699 | D:4      | Found a runed translucent door.
  2700 | D:4      | Noticed Crazy Yiuf
  2736 | D:4      | Reached skill level 5 in Dodging
  2967 | D:4      | Reached skill level 7 in Unarmed Combat
  2967 | D:4      | Reached XP level 7. HP: 51/52 MP: 10/10
  2990 | D:4      | Killed Eustachio
  3215 | D:5      | Entered Level 5 of the Dungeon
  3249 | D:5      | Noticed Grinder
  3258 | D:5      | Killed Grinder
  3259 | D:5      | Reached XP level 8. HP: 30/60 MP: 12/12
  3835 | D:5      | Noticed Dowan
  3836 | D:5      | Noticed Duvessa
  4273 | D:6      | Reached XP level 9. HP: 66/66 MP: 14/14
  4373 | D:6      | Noticed Pikel
  4383 | D:6      | Killed Pikel
  4384 | D:6      | Reached skill level 5 in Fighting
  4569 | D:6      | Reached skill level 8 in Unarmed Combat
  4823 | D:5      | Noticed Blork the orc
  4871 | D:6      | Found a radiant altar of Vehumet.
  5066 | D:5      | Killed Dowan
  5086 | D:5      | Killed Duvessa
  5087 | D:5      | Reached skill level 5 in Invocations
  5101 | D:5      | Found a staircase to the Ecumenical Temple.
  5113 | Temple   | Entered the Ecumenical Temple
  5137 | Temple   | Became a worshipper of Cheibriados the Contemplative
  5160 | D:5      | Killed Blork the orc
  5368 | D:5      | Found a hazy altar of Hepliaklqana.
  5958 | D:6      | Reached skill level 5 in Short Blades
  5958 | D:6      | Reached skill level 5 in Long Blades
  5958 | D:6      | Reached skill level 5 in Axes
  5958 | D:6      | Reached skill level 5 in Maces & Flails
  5958 | D:6      | Reached skill level 5 in Polearms
  5958 | D:6      | Reached skill level 5 in Staves
  5958 | D:6      | Reached skill level 5 in Ranged Weapons
  5958 | D:6      | Reached skill level 5 in Throwing
  5958 | D:6      | Reached skill level 5 in Armour
  5958 | D:6      | Reached skill level 5 in Stealth
  5958 | D:6      | Reached skill level 5 in Shields
  5958 | D:6      | Reached skill level 5 in Spellcasting
  5958 | D:6      | Reached skill level 5 in Evocations
  5958 | D:6      | Reached XP level 10. HP: 57/76 MP: 17/17
  6130 | D:7      | Found Vepec's General Store.
  6140 | D:7      | Reached * piety under Cheibriados
  6143 | D:7      | Bought a scroll of fear for 44 gold pieces
  7200 | D:8      | Noticed Erica
  7229 | D:8      | Found a blossoming altar of Fedhas.
  7588 | D:8      | Found a glowing golden altar of the Shining One.
  7775 | D:8      | Found a staircase to the Lair.
  7785 | D:8      | Reached ** piety under Cheibriados
  7851 | D:9      | Found a stormy altar of Qazlal.
  8061 | D:8      | Found a hide-covered altar of Uskayaw.
  8185 | D:8      | Identified the +2 short sword "Susiu" {drain, rElec rF+
                  | Will+}
  8287 | D:9      | Noticed a two-headed ogre
  8295 | D:9      | Killed a two-headed ogre
  8296 | D:9      | Reached skill level 9 in Unarmed Combat
  8296 | D:9      | Reached skill level 5 in Conjurations
  8296 | D:9      | Reached skill level 5 in Hexes
  8296 | D:9      | Reached skill level 5 in Summonings
  8296 | D:9      | Reached skill level 5 in Necromancy
  8296 | D:9      | Reached skill level 5 in Translocations
  8296 | D:9      | Reached skill level 5 in Fire Magic
  8296 | D:9      | Reached skill level 5 in Ice Magic
  8296 | D:9      | Reached skill level 5 in Air Magic
  8296 | D:9      | Reached skill level 5 in Earth Magic
  8296 | D:9      | Reached skill level 5 in Alchemy
  8331 | D:9      | Reached XP level 11. HP: 83/83 MP: 20/20
  8390 | D:9      | Noticed Harold
  8400 | D:9      | Killed Harold
  8417 | D:8      | Found a shadowy altar of Dithmenos.
  8417 | D:8      | Found a basalt altar of Yredelemnul.
  8499 | D:9      | Found a bloodstained altar of Trog.
  8503 | D:9      | Found a shimmering blue altar of Sif Muna.
  8519 | D:9      | Learned a level 3 spell: Fugue of the Fallen
  8523 | D:9      | Learned a level 3 spell: Frozen Ramparts
  8834 | D:8      | Reached *** piety under Cheibriados
  8901 | D:8      | Killed Erica
  9116 | Lair:1   | Entered Level 1 of the Lair of Beasts
  9520 | Lair:1   | Noticed Grum
  9570 | Lair:1   | Killed Grum
 10225 | Lair:1   | Noticed Gastronok
 10255 | Lair:1   | Killed Gastronok
 10256 | Lair:1   | Reached XP level 12. HP: 58/91 MP: 22/22
 10530 | Lair:1   | Identified the +0 robe "Enud" {Str+2 Int+4}
 10623 | D:10     | Entered Level 10 of the Dungeon
 10783 | D:10     | Noticed Urug
 10800 | D:10     | Found an ancient bone altar of Kikubaaqudgha.
 10823 | D:10     | Reached **** piety under Cheibriados
 11036 | D:10     | Learned a level 2 spell: Lesser Beckoning
 11083 | D:10     | Killed Urug
 11375 | D:10     | Noticed Sonja
 11378 | Abyss:2  | Cast into level 2 of the Abyss (Sonja)
 11542 | Abyss:2  | Noticed a wretched star
 11549 | Abyss:2  | Killed a wretched star
 11550 | Abyss:2  | Reached skill level 10 in Unarmed Combat
 11561 | Abyss:2  | Noticed a starcursed mass
 11821 | Abyss:2  | Noticed a wretched star
 11822 | Abyss:2  | Noticed a wretched star
 11838 | Abyss:2  | Killed a wretched star
 11839 | Abyss:2  | Mangled by a large abomination

Illustrated notes

Levels and vault maps discovered:
D:1:      mrwooster_arrival_statue, layout_rooms,
          hellmonk_ecumenical_altar_watching_god, minmay_tetromino_s4
D:2:      layout_basic, uniq_jessica
D:3:      layout_loops_corners, mainiacjoe_overflow_swirl, serial_shops, shop,
          nicolae_titane
D:4:      layout_loops_cross, amethyst_killhole, hangedman_decor_diamond_cutter,
          uniq_crazy_yiuf_cottage, uniq_eustachio
D:5:      layout_rooms, nicolae_hepliaklqana_monster_ancestors,
          minmay_temple_entry_glassed_door, uniq_duvessa, uniq_blork_the_orc,
          uniq_grinder
D:6:      layout_basic, fiery_altar_vehumet, corexii_item_surrounded_by_moat,
          uniq_pikel
D:7:      layout_rooms, serial_shops, shop, minmay_fractal_squares_5
D:8:      layout_loops_ring, nicolae_overflow_hidden_temple,
          mainiacjoe_overflow_small_starburst, minmay_lair_entry_grove,
          eino_tiny_chamber, uniq_erica
D:9:      cheibrodos_iron_armory, layout_cave_pools,
          hellmonk_overflow_destroyed_library, lemuel_crystal_altar,
          serial_library_hellmonk_open_cross, uniq_harold
D:10:     layout_long_grid, mainiacjoe_overflow_tiny_flanked, nzn_life_drinkers,
          uniq_urug, uniq_sonja
Temple:   jpeg_temple_island
Lair:1:   layout_regular_city, uniq_gastronok, uniq_grum
Abyss:2:  base: D:11, due_exit_kobolds, hangedman_abyss_mock_shop

Skill      XL: |  1  2  3  4  5  6  7  8  9 10 11 12 |
---------------+-------------------------------------+-----
Invocations    | 1 2 3 4 5 6 7 8 |  8.3
Short Blades   | 1 2 3 5 6 7 |  7.5
Long Blades    | 1 2 3 5 6 7 |  7.5
Axes           | 1 2 3 5 6 7 |  7.5
Maces & Flails | 1 2 3 5 6 7 |  7.5
Polearms       | 1 2 3 5 6 7 |  7.5
Staves         | 1 2 3 5 6 7 |  7.5
Ranged Weapons | 1 2 3 5 6 7 |  7.5
Throwing       | 1 2 3 5 6 7 |  7.5
Armour         | 1 2 3 5 6 7 |  7.5
Stealth        | 1 2 3 5 6 7 |  7.5
Shields        | 1 2 3 5 6 7 |  7.5
Spellcasting   | 1 2 3 5 6 7 |  7.5
Evocations     | 1 2 3 5 6 7 |  7.5
Conjurations   | 1 2 3 4 5 6 |  6.3
Hexes          | 1 2 3 4 5 6 |  6.3
Summonings     | 1 2 3 4 5 6 |  6.3
Necromancy     | 1 2 3 4 5 6 |  6.3
Translocations | 1 2 3 4 5 6 |  6.3
Fire Magic     | 1 2 3 4 5 6 |  6.3
Ice Magic      | 1 2 3 4 5 6 |  6.3
Air Magic      | 1 2 3 4 5 6 |  6.3
Earth Magic    | 1 2 3 4 5 6 |  6.3
Alchemy        | 1 2 3 4 5 6 |  6.3
Fighting       | 3 4 5 6 7 8 |  8.0
Dodging        | 5 6 7 8 |  8.9
Unarmed Combat | 7 8 9 10 | 10.1
Shapeshifting  | 7 8 9 |  9.6

Action                     |  1- 3 |  4- 6 |  7- 9 | 10-12 || total
---------------------------+-------+-------+-------+-------++-------
  Melee: Unarmed           |    45 |    61 |   283 |   285 ||   674
         Bite              |     7 |     4 |    33 |    68 ||   112
         Club              |       |    42 |       |       ||    42
         Morningstar       |       |       |       |   187 ||   187
  Throw: Dart              |       |       |       |    36 ||    36
         Boomerang         |       |       |       |    16 ||    16
   Cast: Lesser Beckoning  |       |       |       |     5 ||     5
         Frozen Ramparts   |       |       |       |     5 ||     5
         Fugue of the Fall |       |       |       |     1 ||     1
 Invoke: Bend Time         |       |       |       |     5 ||     5
         Temporal Distorti |       |       |       |     1 ||     1
  Evoke: Wand              |       |       |     4 |     4 ||     8
    Use: Scroll            |       |       |     8 |     6 ||    14
         Potion            |       |       |       |     2 ||     2
   Stab: Sleeping          |       |     1 |     1 |     1 ||     3
         Distracted        |       |       |       |     2 ||     2
 Armour: Animal skin       |     6 |       |       |       ||     6
         Ring mail         |     8 |    23 |       |       ||    31
         Skin              |       |    17 |   112 |    68 ||   197
         Leather armour    |       |       |       |    82 ||    82
  Dodge: Dodged            |    22 |    60 |   225 |   408 ||   715
  Block: Buckler           |     1 |    10 |       |    83 ||    94
   Form: Flux              |       |     2 |     2 |     1 ||     5
         Beast             |       |     1 |     2 |     1 ||     4
